 Dungeon Crawl Stone Soup version 0.21.0-25-ge575cb9ce8 (webtiles) character file.

214 GuyWithAPlan the Spear-Bearer (level 5, -4/38 HPs)
             Began as a Merfolk Gladiator on Jan 23, 2018.
             Was an Initiate of Gozag.
             Slain by Grinder (5 damage)
             ... while paralysed by Grinder
             ... on level 3 of the Dungeon.
             The game lasted 00:04:08 (2824 turns).

GuyWithAPlan the Spear-Bearer (Merfolk Gladiator)   Turns: 2824, Time: 00:04:09

Health: -4/38      AC: 11    Str: 14    XL:     5   Next: 92%
Magic:  5/5        EV:  2    Int:  7    God:    Gozag
Gold:   292        SH:  0    Dex: 22    Spells: 4/4 levels left

rFire    . . .     SeeInvis .   a - +0 trident
rCold    . . .     Gourm    .   (no shield)
rNeg     . . .     Faith    .   g - +0 plate armour
rPois    .         Spirit   .   j - +0 helmet
rElec    .         Reflect  .   r - scarf {cloud immunity}
rCorr    .         Harm     .   (no gloves)
MR       .....                  (no boots)
Stlth    ..........             (no amulet)
HPRegen  0.12/turn              (no ring)
MPRegen  0.09/turn              (no ring)

@: paralysed, agile
A: change form in water, swift swim, stealthy swim
a: Potion Petition, Call Merchant, Bribe Branch, Renounce Religion


You were on level 3 of the Dungeon.
You worshipped Gozag.
Gozag was aware of your devotion.
You were not hungry.

You visited 1 branch of the dungeon, and saw 3 of its levels.

You collected 315 gold pieces.
You paid 23 gold pieces to Gozag.

Inventory:

Hand Weapons
 a - a +0 trident (weapon)
Missiles
 d - 3 throwing nets (quivered)
Armour
 b - a +0 leather armour
 c - a +0 helmet
 g - a +0 plate armour (worn)
 j - a +0 helmet (worn)
 r - a scarf of cloud immunity (worn)
Wands
 o - a wand of iceblast (4)
Scrolls
 h - 2 scrolls of fog {unknown}
 k - a scroll of teleportation {unknown}
 l - a scroll of remove curse {unknown}
 m - 2 scrolls of identify {unknown}
 p - 2 scrolls of random uselessness {unknown}
Potions
 n - a potion of cancellation {unknown}
 q - a potion of haste {unknown}
 s - a potion of flight {unknown}
Comestibles
 f - 4 rations


   Skills:
 - Level 2.1 Fighting
 + Level 9.2 Polearms
 - Level 2.0 Throwing
 - Level 4.0 Dodging


You had 4 spell levels left.
You didn't know any spells.

Dungeon Overview and Level Annotations

Branches:
Dungeon (3/15)

Altars:
Ashenzari
Gozag
Hepliaklqana
Ru
Sif Muna
Trog
Vehumet

Annotations:
D:3 Grinder, Natasha, Terence


Message History

Aim: Grinder (severely wounded)
You reach to attack!
You closely miss Grinder.
Grinder is severely wounded.
Attack whom?
Press: ? - help, Dir - move target cursor, f/p - Grinder
Aim: Grinder (severely wounded)
You hit Grinder.
Grinder is severely wounded.
Grinder gestures at you.
You suddenly lose the ability to move!
Grinder gestures at you. Pain shoots through your body!
* * * LOW HITPOINT WARNING * * *
Grinder hits you.
* * * LOW HITPOINT WARNING * * *
You writhe in agony.
* * * LOW HITPOINT WARNING * * *
Grinder hits you.
You die...
Your body crumbles into a pile of gold.

#.# #.# #.# #
####.# #. #)...# #.
#..#.# #.#
####...###.## #..
#.###........
#..####.#<..######.
#.$....@5.#.#
##.####.#...# #..
#.##### #.. #.# #..
#.# ##. #.# #. ###
#.


You could see Grinder.

Vanquished Creatures
  A centaur skeleton (D:2)
  Natasha (D:3)
  A gnoll (D:2)
  6 adders
  A worm (D:2)
  5 dart slugs
  4 leopard geckos
  5 orcs
  4 ball pythons
  3 giant cockroaches
  11 goblins
  10 hobgoblins
  3 jackals (D:3)
  11 bats
  3 frilled lizards
  5 kobolds
  6 rats
80 creatures vanquished.

Notes
Turn   | Place    | Note
-------+----------+-------------------------------------------
     0 | D:1      | GuyWithAPlan the Merfolk Gladiator began the quest for the Orb.
     0 | D:1      | Reached XP level 1. HP: 16/16 MP: 1/1
   188 | D:1      | Reached skill level 5 in Polearms
   230 | D:1      | Reached XP level 2. HP: 22/22 MP: 2/2
   677 | D:1      | Reached skill level 6 in Polearms
   677 | D:1      | Reached XP level 3. HP: 26/27 MP: 3/3
  1276 | D:2      | Reached skill level 7 in Polearms
  1276 | D:2      | Reached XP level 4. HP: 26/33 MP: 4/4
  1351 | D:2      | Found a shattered altar of Ashenzari.
  1600 | D:2      | Found an opulent altar of Gozag.
  1604 | D:2      | Found a sacrificial altar of Ru.
  1605 | D:2      | Found a hazy altar of Hepliaklqana.
  1605 | D:2      | Found a deep blue altar of Sif Muna.
  1605 | D:2      | Found a bloodstained altar of Trog.
  1606 | D:2      | Found a radiant altar of Vehumet.
  1616 | D:2      | Reached skill level 8 in Polearms
  1620 | D:2      | Reached XP level 5. HP: 31/38 MP: 5/5
  1638 | D:2      | Became a worshipper of Gozag Ym Sagoz the Greedy
  2366 | D:3      | Noticed Natasha
  2371 | D:3      | Killed Natasha
  2547 | D:3      | Noticed Terence
  2589 | D:2      | Reached skill level 9 in Polearms
  2628 | D:3      | Noticed Grinder
  2628 | D:3      | Noticed Natasha
  2821 | D:3      | Paralysed by Grinder for 5 turns
  2823 | D:3      | HP: 1/38 [Grinder (4)]
  2824 | D:3      | Slain by Grinder

Skill      XL: |  1  2  3  4  5 |
---------------+----------------+-----
Polearms       | 5 6 7 8 9 |  9.2
Fighting       | |  2.1
Throwing       | |  2.0
Dodging        | |  4.0

Action                   |  1- 3 |  4- 6 || total
-------------------------+-------+-------++-------
Melee: Trident           |   133 |   205 ||   338
  Use: Potion            |       |     3 ||     3
  Eat: Chunk             |       |     3 ||     3
       Ration            |       |     1 ||     1
Armor: Leather armour    |     8 |       ||     8
       Plate armour      |    52 |   105 ||   157
Dodge: Dodged            |    46 |    45 ||    91
